 Dungeon Crawl Stone Soup version 0.24-a0-251-g44e327ef01 (webtiles) character file.

Game seed: 9367196665292879030

34 Redear the Skirmisher (level 3, -4/26 HPs)
             Began as an Octopode Fighter on Apr 17, 2019.
             Slain by a sky beast (5 damage)
             ... on level 2 of the Dungeon.
             The game lasted 00:01:46 (1393 turns).

Redear the Skirmisher (Octopode Fighter)            Turns: 1393, Time: 00:01:47

Health: -4/26      AC:  1    Str: 15    XL:     3   Next: 31%
Magic:  3/3        EV: 20    Int: 10    God:
Gold:   75         SH:  0    Dex: 17    Spells: 2/2 levels left

rFire    . . .     SeeInvis .   a - +0 long sword
rCold    . . .     Gourm    .   (no shield)
rNeg     . . .     Faith    .   (helmet restricted)
rPois    .         Spirit   .   (no amulet)
rElec    .         Reflect  .   (no ring)
rCorr    .         Harm     .   (no ring)
MR       .....                  (no ring)
Stlth    +++++.....             (no ring)
HPRegen  0.08/turn              (no ring)
MPRegen  0.08/turn              (no ring)
                                (no ring)
                                (no ring)

@: agile
A: almost no armour, stealthy swim, amphibious, 8 rings, constrict 8, camouflage
1, gelatinous body 1
a: no special abilities


You were on level 2 of the Dungeon.
You were hungry.

You visited 1 branch of the dungeon, and saw 2 of its levels.

You collected 75 gold pieces.

Inventory:

Hand Weapons
 a - a +0 long sword (weapon)
Missiles
 d - 2 javelins (quivered)
 m - 25 bolts
Armour
 b - a +0 shield
Scrolls
 e - a scroll of random uselessness {unknown}
 f - a scroll of teleportation {unknown}
 g - 2 scrolls of fear {unknown}
 j - 3 scrolls of remove curse {unknown}
 l - a scroll of identify {unknown}
Potions
 c - 2 potions of might {Str+5 DMG+1d10 | @q3}
 i - a potion of curing {unknown}
 k - a potion of haste {unknown}
Comestibles
 z - 8 rations


   Skills:
 + Level 3.3 Fighting
 + Level 2.3 Long Blades
 + Level 3.3 Dodging
 + Level 1.5 Stealth
 + Level 3.2 Shields


You had 2 spell levels left.
You didn't know any spells.
Your spell library was empty.

Dungeon Overview and Level Annotations

Branches:
Dungeon (2/15)

Altars:
Qazlal


Innate Abilities, Weirdness & Mutations

You cannot wear most types of armour.
You are very stealthy in the water. (Stealth+)
You are amphibious.
You can wear up to eight rings at the same time.
You can use your tentacles to constrict eight enemies at once.
Your skin changes colour to match your surroundings (Stealth+).
Your rubbery body absorbs attacks. (AC +1, EV +1)


Message History

There is a strange disturbance nearby!
No target in view!
No target in view!
You closely miss something. Something hits you. Something shocks you.
You take 8 damage, and have 18/26 hp.
MASSIVE DAMAGE!!
You closely miss something. Something hits you. Something shocks you.
You take 7 damage, and have 11/26 hp.
MASSIVE DAMAGE!!
You hit something.
You are feeling hungry.
Something hits you. Something shocks you.
* * * LOW HITPOINT WARNING * * *
You take 8 damage, and have 3/26 hp.
MASSIVE DAMAGE!!
Unknown command.
Okay, then.
It was a potion of agility.
You feel agile all of a sudden. Something hits you.
* * * LOW HITPOINT WARNING * * *
Something shocks you.
You die...

≈≈.≈P≈♣.
≈≈.P≈≈≈.#
≈≈.≈≈≈♣. ♣≈.P≈≈≈
####### ♣≈.≈≈♣
....... ♣≈.≈≈♣
.......
#♣♣≈.≈≈♣#
.#...#≈
##{≈≈.≈≈P♣
#.P♣♣P
#@♣≈≈.≈≈≈♣
#♣♣≈≈≈
#♣♣≈≈.≈≈P♣ ♣≈≈≈
♣≈≈.P≈≈♣♣ ♣♣≈≈≈
♣♣≈.≈≈≈≈♣♣♣≈≈≈≈≈
#P≈.≈P≈≈≈≈≈P≈≈≈≈
##♣.≈≈≈≈≈≈≈P≈≈≈≈
#...............
#...≈≈≈≈≈≈≈≈≈≈≈≈
#.♣≈≈≈P≈≈≈≈≈≈≈≈≈


There were no monsters in sight!

Vanquished Creatures
  An ooze (D:1)
  A leopard gecko (D:1)
  A giant cockroach (D:1)
  2 hobgoblins
  2 kobolds
  8 bats
  A frilled lizard (D:2)
  8 goblins
  3 rats
27 creatures vanquished.

Notes
Turn   | Place    | Note
-------+----------+-------------------------------------------
     0 | D:1      | Redear the Octopode Fighter began the quest for the Orb.
     0 | D:1      | Reached XP level 1. HP: 16/16 MP: 1/1
   304 | D:1      | Reached XP level 2. HP: 21/21 MP: 2/2
   386 | D:1      | Reached skill level 1 in Stealth
   919 | D:2      | Reached XP level 3. HP: 19/26 MP: 3/3
  1269 | D:2      | Found a stormy altar of Qazlal.
  1383 | D:2      | Noticed a sky beast
  1393 | D:2      | HP: 1/26 [something (2)]
  1393 | D:2      | Slain by a sky beast

Levels and vault maps discovered:
D:1:      minmay_arrival_loop, layout_basic
D:2:      layout_rooms, nicolae_qazlal_eye_of_the_storm, serial_bayou,
          serial_bayou_pond_e, serial_bayou_pond_b, serial_bayou_lake_a,
          serial_bayou_lagoon_b, serial_bayou_lagoon_a

Skill      XL: |  1  2 |
---------------+-------+-----
Stealth        | 1 |  1.5
Fighting       | |  3.3
Long Blades    | |  2.3
Dodging        | |  3.3
Shields        | |  3.2

Action                   || total
-------------------------++-------
Melee: Long sword        ||    50
       Tentacles         ||    12
       Constrict         ||    11
  Use: Potion            ||     1
 Stab: Sleeping          ||     5
  Eat: Chunk             ||     1
Armor: Skin              ||     6
Dodge: Dodged            ||    41
       Rpst.: Long sword ||     9

Table legend:
 A = Non-vault XP
 B = Vault XP
 C = Vault XP percentage of total XP
 D = Non-vault monster count
 E = Vault monster count
 F = Vault count percentage of total count
                 A         B        C        D         E       F
            +---------+---------+-------+---------+---------+-------
      Total |      45 |       4 |   8.2 |      24 |       3 |  11.1
            +---------+---------+-------+---------+---------+-------
        D:1 |      28 |       0 |   0.0 |      14 |       0 |   0.0
        D:2 |      17 |       4 |  19.0 |      10 |       3 |  23.1
            +---------+---------+-------+---------+---------+-------
